 Dungeon Crawl Stone Soup version 0.31.0-1-g2c135a008e (webtiles) character file.

Game seed: 11597894574287676169

3740 qw the Skirmisher (level 10, -9/75 HPs)
             Began as a Djinni Hunter on Jan 24, 2024.
             Mangled by a yak (11 damage)
             ... on level 8 of the Dungeon.
             The game lasted 00:00:36 (6716 turns).

qw the Skirmisher (Djinni Hunter)                   Turns: 6716, Time: 00:00:37

Health: -9/75      AC: 14    Str:  8    XL:     10   Next: 37%
Gold:   339        EV: 13    Int: 14    God:
                   SH:  0    Dex: 24

rFire   + + .        b - +0 orcbow
rCold   x . .        (shield currently unavailable)
rNeg    . . .        c - +1 ring mail {Will+}
rPois   inf          k - +0 helmet
rElec   .            j - +0 cloak
rCorr   +            (no gloves)
SInv    .            (boots unavailable)
Will    ++...        (no amulet)
Stlth   ++           e - +4 ring of protection
HPRegen 0.32/turn    o - ring of resist corrosion
MPRegen 0.00/turn

%: infuse magic (-10 HP)
@: about to teleport, flying
A: sickness immunity, fire resistance 2, cold vulnerability 1, float, innate
caster, HP casting, extra vitality 1, iridescent scales 1, camouflage 1, agile
1, clever 1
a: no special abilities


You were on level 8 of the Dungeon.
You visited 2 branches of the dungeon, and saw 9 of its levels.

You collected 339 gold pieces.


Innate Abilities, Weirdness & Mutations

You are immune to sickness and miasma.
You are immune to poison.
Your flesh is very heat resistant. (rF++)
You are vulnerable to cold. (rC-)
You float through the air rather than walking.
You learn spells naturally, not from books.
Your magical power is your life essence.
You have superior vitality. (+4 MHP)
You are partially covered in iridescent scales. (AC +2)
Your skin changes colour to match your surroundings (Stealth+).
You are agile. (Dex +4, Str/Int -1)
Your mind is acute. (Int +4, Str/Dex -1)


   Skills:
 - Level 7.0 Fighting
 + Level 9.9 Ranged Weapons
 - Level 3.1 Armour
 - Level 6.0 Dodging
 - Level 0.7 Stealth


You knew the following spells:

 Your Spells              Type           Power      Damage    Failure   Level
a - Magic Dart            Conj           0%         1d3       63%         1
b - Lesser Beckoning      Tloc           0%         N/A       77%         2
c - Ozocubu's Armour      Ice            0%         N/A       94%         3
d - Animate Dead          Necr           0%         N/A       100%        4
Your spell library was empty.

Inventory:

Hand Weapons
 b - a +0 orcbow (weapon)
Armour
 c - a +1 ring mail of willpower (worn)
 j - a +0 cloak (worn)
 k - a +0 helmet (worn)
Jewellery
 e - a +4 ring of protection (left hand)
 o - a ring of resist corrosion (right hand)
Wands
 f - a wand of polymorph (8)
Scrolls
 h - a scroll of teleportation
Potions
 d - a potion of haste
 g - 2 potions of curing
 i - a potion of resistance
 l - a potion of heal wounds

Dungeon Overview and Level Annotations

Branches:
Dungeon (8/15)             Temple (1/1) D:7
   Lair: D:8-11

Altars:
Ashenzari
Dithmenos
Elyvilon
Fedhas
Gozag
Hepliaklqana
Makhleb
Qazlal
Ru
Trog
Uskayaw
Wu Jian
Xom
The Shining One

Shops:
D:1 ?


Message History

The killer bee stings you!
The killer bee stings you but does no damage.
The yak gores you but does no damage.
You shoot an arrow. The arrow hits the killer bee!
You kill the killer bee!
The yak closely misses you.
You shoot an arrow. The arrow hits the yak!
The yak is moderately wounded.
The yak closely misses you. The yak gores you but does no damage.
You shoot an arrow. The arrow hits the yak.
The yak is heavily wounded.
The yak misses you. The yak closely misses you.
You shoot an arrow. The arrow completely misses the yak.
The arrow hits the yak.
The yak is lightly wounded.
The yak gores you but does no damage. The yak gores you!
You shoot an arrow. The arrow hits the yak!
The yak is severely wounded.
The yak barely misses you. The yak closely misses you. The yak gores you!
The yak gores you but does no damage.
You shoot an arrow. The arrow hits the yak!
You kill the yak!
The yak barely misses you.
You shoot an arrow. The arrow hits the yak.
The yak is moderately wounded.
The yak gores you but does no damage. The yak closely misses you.
You shoot an arrow. The arrow hits the yak.
The yak is moderately wounded.
The yak gores you. The yak gores you but does no damage.
You shoot an arrow. The arrow completely misses the yak.
The arrow barely misses the yak.
The yak closely misses you. The yak gores you but does no damage.
You shoot an arrow. The arrow hits the yak!
The yak is heavily wounded.
The yak gores you! The yak gores you but does no damage. The yak gores you!
The yak gores you.
6716 ||| READING 2 scrolls of teleportation.
As you read the scroll of teleportation, it crumbles to dust.
You feel strangely unstable. The yak gores you!
You die...

####.PPPPPPP.#....### ......
#.........##.....##......
####.P.PPP.P.#..#...........
.....P.....P.#.#####.....#
#....P.._..P.#.# #.....##
###..P.....P.#.# ##.....Y#
##...P.PPP.P..## ##).....Y..
..%............###Y.##.....Y
.)#..PPPPPPP...^@YY## ......
.###............#Y.# #....
.# ##.......##..##...# ..##
## ##....#####.###.## ## #
##...# #.. .# ######....#
...# .. ...<......# #... ###
######............. #
#.#####.#####.


You could see 4 yaks.

Vanquished Creatures
  Sigmund (D:4)
  A yak (D:8)
  2 water moccasins
  A sky beast (D:6)
  3 ice beasts
  2 black bears
  3 ogres
  A centaur (D:8)
  2 phantoms (D:6)
  A kobold brigand (D:7)
  A bullfrog (D:7)
  7 scorpions
  12 wights
  3 killer bees (D:8)
  2 bombardier beetles
  6 hounds
  6 orc priests
  Ijyb (D:4)
  5 iguanas
  2 orc wizards
  A sleepcap (D:4)
  3 gnolls (D:7)
  11 adders
  2 ufetubi (D:7)
  2 dart slugs
  3 ribbon worms
  23 orcs
  9 ball pythons
  6 endoplasms
  5 giant cockroaches
  6 goblins
  7 hobgoblins
  3 jackals (D:1)
  4 quokkas
  8 bats
  2 frilled lizards
  9 kobolds
  2 butterflies (D:3)
168 creatures vanquished.

Notes
Turn   | Place    | Note
-------+----------+-------------------------------------------
     0 | D:1      | qw the Djinni Hunter began the quest for the Orb.
     0 | D:1      | Reached XP level 1. HP: 18/18 MP: 0/0
     0 | D:1      | 0 ||| qw: Version: 0.3-a-136-gdd3b4e8
     0 | D:1      | 0 ||| qw: Game counter: 1209
     0 | D:1      | 0 ||| qw: Melee chars always use a shield: true
     0 | D:1      | 0 ||| qw: God list: Okawaru
     0 | D:1      | 0 ||| qw: Allow faded altars: false
     0 | D:1      | 0 ||| qw: Do Orc after clearing Dungeon:15 true
     0 | D:1      | 0 ||| qw: Do second Lair branch before Depths: true
     0 | D:1      | 0 ||| qw: Lair rune preference: random
     0 | D:1      | 0 ||| qw: Goals: Normal
     0 | D:1      | 0 ||| PLANNING D:1-11
    78 | D:1      | Found Otenuaps's Magic Scroll Boutique.
    88 | D:1      | 88 ||| SHOPLISTING scroll of brand weapon (123 gold, have
                  | 17).
    88 | D:1      | 88 ||| SHOPLISTING scroll of identify (26 gold, have 17).
   131 | D:1      | Reached XP level 2. HP: 23/23 MP: 0/0
   562 | D:1      | Reached XP level 3. HP: 28/28 MP: 0/0
   562 | D:1      | Learned a level 1 spell: Magic Dart
   610 | D:1      | Reached skill level 4 in Ranged Weapons
   715 | D:1      | 715 ||| UPGRADING to +0 helmet.
   720 | D:1      | 720 ||| UPGRADING to +4 ring of protection.
   721 | D:1      | 721 ||| READING 3 scrolls labelled CIPTOM VEYCO.
   722 | D:1      | 722 ||| READING 3 scrolls labelled ADGHUDWY HAIMP.
   727 | D:1      | 727 ||| READING scroll labelled KICEAN TUSIOG.
   828 | D:1      | 828 ||| DRINKING 2 ruby potions.
   829 | D:1      | 829 ||| DROPPING scroll of butterflies.
   830 | D:1      | 830 ||| DROPPING 2 scrolls of noise.
  1095 | D:2      | Reached skill level 3 in Fighting
  1095 | D:2      | Reached XP level 4. HP: 35/35 MP: 0/0
  1407 | D:2      | Reached skill level 3 in Dodging
  1533 | D:2      | 1533 ||| UPGRADING to +0 ring mail.
  1543 | D:2      | 1543 ||| DROPPING +0 leather armour.
  1544 | D:2      | 1544 ||| READING scroll labelled JAHICK CIWOXO.
  1544 | D:2      | 1544 ||| ENCHANTING +0 shortbow.
  1545 | D:2      | 1545 ||| DRINKING 2 golden potions.
  1545 | D:2      | Gained mutation: You are dopey. (Int -2) [potion of
                  | mutation]
  1545 | D:2      | Gained mutation: You passively map a small area around you.
                  | [potion of mutation]
  1545 | D:2      | Gained mutation: You are strong-willed. (Will+) [potion of
                  | mutation]
  1546 | D:2      | 1546 ||| DRINKING potion of mutation.
  1546 | D:2      | Lost mutation: You are dopey. (Int -2) [potion of mutation]
  1546 | D:2      | Lost mutation: You passively map a small area around you.
                  | [potion of mutation]
  1546 | D:2      | Gained mutation: Your mind is acute. (Int +4, Str/Dex -1)
                  | [potion of mutation]
  1546 | D:2      | Gained mutation: You are partially covered in iridescent
                  | scales. (AC +2) [potion of mutation]
  1546 | D:2      | Lost mutation: Your mind is acute. (Int +4, Str/Dex -1)
                  | [potion of mutation]
  1557 | D:3      | 1557 ||| STAIRDANCE
  1648 | D:3      | 1648 ||| STAIRDANCE
  1654 | D:3      | 1654 ||| STAIRDANCE
  1660 | D:2      | Reached skill level 1 in Armour
  1660 | D:2      | Reached XP level 5. HP: 27/40 MP: 0/0
  1660 | D:2      | Learned a level 2 spell: Lesser Beckoning
  1712 | D:3      | 1712 ||| STAIRDANCE
  1758 | D:3      | 1758 ||| STAIRDANCE
  1854 | D:3      | Identified the +5 long sword of the Harvest {protect, Fly
                  | rC+}
  1916 | D:3      | Found a sacrificial altar of Ru.
  1921 | D:3      | Found a burning altar of Makhleb.
  1960 | D:3      | Reached XP level 6. HP: 46/46 MP: 0/0
  2075 | D:3      | 2075 ||| DRINKING potion of mutation.
  2075 | D:3      | Lost mutation: You are partially covered in iridescent
                  | scales. (AC +2) [potion of mutation]
  2075 | D:3      | Lost mutation: You are strong-willed. (Will+) [potion of
                  | mutation]
  2075 | D:3      | Gained mutation: You are partially covered in iridescent
                  | scales. (AC +2) [potion of mutation]
  2075 | D:3      | Gained mutation: You are agile. (Dex +4, Str/Int -1)
                  | [potion of mutation]
  2075 | D:3      | Gained mutation: Your mind is acute. (Int +4, Str/Dex -1)
                  | [potion of mutation]
  2075 | D:3      | Gained mutation: Your skin changes colour to match your
                  | surroundings (Stealth+). [potion of mutation]
  2114 | D:3      | Reached skill level 5 in Ranged Weapons
  2212 | D:3      | 2212 ||| DROPPING ring of wizardry.
  2213 | D:3      | 2213 ||| READING 2 scrolls labelled PATELI EMOT.
  2213 | D:3      | 2213 ||| IDENTIFYING bubbling golden potion
  2214 | D:3      | 2214 ||| READING scroll of identify.
  2214 | D:3      | 2214 ||| IDENTIFYING glowing yellow potion
  2215 | D:3      | 2215 ||| READING scroll labelled ZOIDUUVUTA.
  2216 | D:3      | 2216 ||| READING scroll labelled GEOBBE OCZA.
  2217 | D:3      | 2217 ||| DRINKING 2 viscous ruby potions.
  2218 | D:3      | 2218 ||| DROPPING potion of degeneration.
  2219 | D:3      | 2219 ||| DROPPING potion of magic.
  2589 | D:4      | Found a blossoming altar of Fedhas.
  2607 | D:4      | Reached XP level 7. HP: 52/52 MP: 0/0
  2607 | D:4      | Learned a level 3 spell: Ozocubu's Armour
  2679 | D:4      | Noticed Ijyb
  2689 | D:4      | 2689 ||| READING 4 scrolls of teleportation.
  2690 | D:4      | 2690 ||| FLEEEEING.
  2691 | D:4      | 2691 ||| FLEEEEING.
  2692 | D:4      | 2692 ||| FLEEEEING.
  2693 | D:4      | 2693 ||| FLEEEEING.
  2694 | D:4      | 2694 ||| FLEEEEING.
  2695 | D:4      | 2695 ||| FLEEEEING to unexplored (badform).
  2696 | D:4      | 2696 ||| FLEEEEING to unexplored (badform).
  2697 | D:4      | 2697 ||| FLEEEEING to unexplored (badform).
  2698 | D:4      | 2698 ||| FLEEEEING.
  2699 | D:4      | 2699 ||| FLEEEEING.
  2700 | D:4      | 2700 ||| FLEEEEING.
  2701 | D:4      | 2701 ||| FLEEEEING.
  2702 | D:4      | 2702 ||| FLEEEEING.
  2703 | D:4      | 2703 ||| FLEEEEING.
  2704 | D:4      | 2704 ||| FLEEEEING.
  2705 | D:4      | 2705 ||| FLEEEEING.
  2706 | D:4      | 2706 ||| FLEEEEING.
  2707 | D:4      | 2707 ||| FLEEEEING.
  2708 | D:4      | 2708 ||| FLEEEEING.
  2709 | D:4      | 2709 ||| FLEEEEING.
  2710 | D:4      | 2710 ||| FLEEEEING.
  2711 | D:4      | 2711 ||| FLEEEEING.
  2712 | D:4      | 2712 ||| FLEEEEING.
  2713 | D:4      | 2713 ||| FLEEEEING.
  2714 | D:4      | 2714 ||| FLEEEEING.
  2715 | D:4      | 2715 ||| FLEEEEING.
  2721 | D:4      | Noticed Sigmund
  2723 | D:4      | 2723 ||| DRINKING 3 potions of curing.
  2723 | D:4      | 2723 ||| (to cure confusion)
  2726 | D:4      | 2726 ||| FLEEEEING.
  2727 | D:4      | 2727 ||| FLEEEEING.
  2728 | D:4      | 2728 ||| FLEEEEING.
  2729 | D:4      | 2729 ||| FLEEEEING.
  2730 | D:4      | 2730 ||| FLEEEEING.
  2731 | D:4      | 2731 ||| FLEEEEING.
  2732 | D:4      | 2732 ||| STAIRDANCE
  2734 | D:3      | 2734 ||| FLEEEEING.
  2735 | D:3      | 2735 ||| FLEEEEING.
  2736 | D:3      | 2736 ||| FLEEEEING.
  2737 | D:3      | 2737 ||| FLEEEEING.
  2738 | D:3      | 2738 ||| FLEEEEING.
  2739 | D:3      | 2739 ||| FLEEEEING.
  2740 | D:3      | 2740 ||| FLEEEEING.
  2741 | D:3      | 2741 ||| FLEEEEING.
  2742 | D:3      | 2742 ||| FLEEEEING.
  2743 | D:3      | 2743 ||| FLEEEEING.
  2744 | D:3      | 2744 ||| FLEEEEING.
  2745 | D:3      | 2745 ||| FLEEEEING.
  2746 | D:3      | 2746 ||| FLEEEEING.
  2747 | D:3      | 2747 ||| FLEEEEING.
  2748 | D:3      | 2748 ||| FLEEEEING.
  2749 | D:3      | 2749 ||| FLEEEEING.
  2750 | D:3      | 2750 ||| FLEEEEING.
  2751 | D:3      | 2751 ||| FLEEEEING.
  2752 | D:3      | 2752 ||| FLEEEEING.
  2753 | D:3      | 2753 ||| FLEEEEING.
  2754 | D:3      | 2754 ||| FLEEEEING.
  2755 | D:3      | 2755 ||| FLEEEEING.
  2756 | D:3      | 2756 ||| FLEEEEING.
  2757 | D:3      | 2757 ||| FLEEEEING.
  2758 | D:3      | 2758 ||| FLEEEEING.
  2759 | D:3      | 2759 ||| FLEEEEING.
  2760 | D:3      | 2760 ||| FLEEEEING.
  2761 | D:3      | 2761 ||| READING scroll of identify.
  2761 | D:3      | 2761 ||| IDENTIFYING glowing clear potion
  2762 | D:3      | 2762 ||| READING 3 scrolls labelled KINEGHAGAT.
  2763 | D:3      | 2763 ||| READING scroll labelled CUKOLEAHAE.
  2764 | D:3      | 2764 ||| DROPPING 2 scrolls of fear.
  2765 | D:3      | 2765 ||| DROPPING potion of attraction.
  2784 | D:4      | Killed Ijyb
  2795 | D:4      | Killed Sigmund
  2796 | D:4      | Reached skill level 6 in Ranged Weapons
  3264 | D:4      | 3264 ||| UPGRADING to +1 ring mail of willpower.
  3274 | D:4      | 3274 ||| DROPPING +0 ring mail.
  3275 | D:4      | 3275 ||| UPGRADING to +0 cloak.
  3280 | D:4      | 3280 ||| READING scroll of identify.
  3280 | D:4      | 3280 ||| IDENTIFYING smoky pink potion
  3311 | D:5      | Entered Level 5 of the Dungeon
  3373 | D:5      | Reached XP level 8. HP: 57/58 MP: 0/0
  3819 | D:5      | Reached skill level 7 in Ranged Weapons
  3843 | D:5      | Found a glowing golden altar of the Shining One.
  4496 | D:5      | 4496 ||| READING 2 scrolls labelled OCWIACV PUECA.
  4497 | D:5      | 4497 ||| READING scroll labelled YXAN TANGO.
  4497 | D:5      | 4497 ||| BRANDING +1 shortbow.
  4498 | D:5      | 4498 ||| DROPPING scroll of poison.
  4602 | D:6      | Reached XP level 9. HP: 25/65 MP: 0/0
  4602 | D:6      | Learned a level 4 spell: Animate Dead
  4603 | D:6      | HP: 8/65 [ogre/+0 giant club (18)]
  4604 | D:6      | 4604 ||| READING 3 scrolls of teleportation.
  4941 | D:6      | Reached skill level 8 in Ranged Weapons
  5082 | D:6      | Reached skill level 6 in Fighting
  5113 | D:6      | 5113 ||| RETREEEEATING.
  5124 | D:6      | Reached skill level 3 in Armour
  5510 | D:6      | 5510 ||| UPGRADING to ring of resist corrosion.
  5511 | D:6      | 5511 ||| READING 2 scrolls of identify.
  5511 | D:6      | 5511 ||| IDENTIFYING yellow potion
  5512 | D:6      | 5512 ||| READING scroll of identify.
  5512 | D:6      | 5512 ||| IDENTIFYING sapphire potion
  5513 | D:6      | 5513 ||| DRINKING 2 red potions.
  5514 | D:6      | 5514 ||| DROPPING potion of brilliance.
  5515 | D:6      | 5515 ||| DROPPING potion of invisibility.
  5702 | D:7      | 5702 ||| RETREEEEATING.
  5709 | D:7      | Reached skill level 9 in Ranged Weapons
  5709 | D:7      | 5709 ||| FLEEEEING.
  5711 | D:7      | 5711 ||| FLEEEEING.
  5715 | D:7      | 5715 ||| RETREEEEATING.
  5716 | D:7      | 5716 ||| RETREEEEATING.
  5717 | D:7      | 5717 ||| RETREEEEATING.
  5718 | D:7      | 5718 ||| RETREEEEATING.
  5719 | D:7      | 5719 ||| RETREEEEATING.
  5720 | D:7      | 5720 ||| RETREEEEATING.
  5721 | D:7      | 5721 ||| RETREEEEATING.
  5722 | D:7      | 5722 ||| RETREEEEATING.
  5729 | D:7      | Reached XP level 10. HP: 46/72 MP: 0/0
  5740 | D:7      | Reached skill level 6 in Dodging
  5740 | D:7      | 5740 ||| FLEEEEING.
  5741 | D:7      | 5741 ||| FLEEEEING.
  5742 | D:7      | 5742 ||| FLEEEEING.
  5743 | D:7      | 5743 ||| FLEEEEING.
  5744 | D:7      | 5744 ||| FLEEEEING.
  5745 | D:7      | 5745 ||| FLEEEEING.
  5746 | D:7      | 5746 ||| FLEEEEING.
  5747 | D:7      | 5747 ||| FLEEEEING.
  5748 | D:7      | 5748 ||| FLEEEEING.
  5749 | D:7      | 5749 ||| FLEEEEING.
  5750 | D:7      | 5750 ||| FLEEEEING.
  5751 | D:7      | 5751 ||| FLEEEEING.
  5752 | D:7      | 5752 ||| FLEEEEING.
  5753 | D:7      | 5753 ||| FLEEEEING.
  5754 | D:7      | 5754 ||| FLEEEEING.
  5755 | D:7      | 5755 ||| FLEEEEING.
  5756 | D:7      | 5756 ||| FLEEEEING.
  5757 | D:7      | 5757 ||| FLEEEEING.
  5758 | D:7      | 5758 ||| FLEEEEING.
  5759 | D:7      | 5759 ||| FLEEEEING.
  5760 | D:7      | 5760 ||| FLEEEEING.
  5761 | D:7      | 5761 ||| STAIRDANCE
  6025 | D:7      | Found a staircase to the Ecumenical Temple.
  6026 | D:7      | 6026 ||| PLANNING TEMPLE
  6026 | D:7      | 6026 ||| READING scroll of identify.
  6026 | D:7      | 6026 ||| IDENTIFYING clear potion
  6027 | D:7      | 6027 ||| DROPPING potion of ambrosia.
  6036 | Temple   | Entered the Ecumenical Temple
  6037 | Temple   | 6037 ||| PLANNING D:1-11
  6491 | D:7      | 6491 ||| READING scroll labelled UNTUITAMAOMN.
  6546 | D:8      | Found an ornate altar of the Wu Jian Council.
  6588 | D:8      | 6588 ||| SWAPPING to +0 orcbow.
  6589 | D:8      | 6589 ||| DROPPING +1 shortbow of flaming.
  6687 | D:8      | 6687 ||| RETREEEEATING.
  6688 | D:8      | 6688 ||| RETREEEEATING.
  6689 | D:8      | 6689 ||| RETREEEEATING.
  6690 | D:8      | 6690 ||| RETREEEEATING.
  6691 | D:8      | 6691 ||| RETREEEEATING.
  6692 | D:8      | 6692 ||| RETREEEEATING.
  6693 | D:8      | 6693 ||| RETREEEEATING.
  6694 | D:8      | 6694 ||| RETREEEEATING.
  6695 | D:8      | 6695 ||| RETREEEEATING.
  6715 | D:8      | HP: 15/75 [yak (8)]
  6715 | D:8      | HP: 5/75 [yak (10)]
  6715 | D:8      | HP: 2/75 [yak (3)]
  6716 | D:8      | 6716 ||| READING 2 scrolls of teleportation.
  6716 | D:8      | Mangled by a yak

Levels and vault maps discovered:
D:1:      dpeg_arrival_signposts, layout_loops_ring, serial_shops, shop_scrolls,
          hangedman_decor_push
D:2:      minmay_chambers_of_ones, layout_basic, nrook_mini_vaults,
          minmay_misc_feat_tower, minivault_23
D:3:      layout_rooms, old_standard_altar, mainiacjoe_overflow_big_doors,
          hangedman_glass_garden
D:4:      layout_basic, hellmonk_sif_muna_bookshelves, marbit_many_paths,
          mainiacjoe_overflow_paths, uniq_ijyb, uniq_sigmund
D:5:      layout_layer_cave, kennysheep_mini
D:6:      layout_loops_ring
D:7:      layout_loops_ring, minmay_temple_entry_sparse_star
D:8:      layout_layer_cave, okawaru_humans, yredelemnul_altar_generic,
          mainiacjoe_overflow_cross_hatched, cheibrodos_worm_habitat,
          grunt_temple_overflow_open, wad_woods_river_04
Temple:   hellmonk_temple_forest_ring

Skill      XL: |  1  2  3  4  5  6  7  8  9 10 |
---------------+-------------------------------+-----
Ranged Weapons | 4 5 6 7 9 |  9.9
Fighting       | 3 4 5 6 7 |  7.0
Dodging        | 3 4 5 6 |  6.0
Armour         | 1 2 3 |  3.1
Stealth        | |  0.7

Action                     |  1- 3 |  4- 6 |  7- 9 | 10-12 || total
---------------------------+-------+-------+-------+-------++-------
  Melee: Unarmed           |       |       |     1 |       ||     1
   Fire: Shortbow          |    94 |   177 |   309 |    60 ||   640
         Orcbow            |       |       |       |    25 ||    25
    Use: Scroll            |     3 |     5 |    10 |     3 ||    21
         Potion            |     1 |     4 |     2 |       ||     7
 Armour: Leather armour    |    18 |     2 |       |       ||    20
         Ring mail         |       |    65 |   130 |    53 ||   248
         Skin              |       |       |     2 |       ||     2
  Dodge: Dodged            |    29 |    50 |   148 |    42 ||   269

Table legend:
 A = Non-vault XP
 B = Vault XP
 C = Vault XP percentage of total XP
 D = Non-vault monster count
 E = Vault monster count
 F = Vault count percentage of total count
                 A         B        C        D         E       F
            +---------+---------+-------+---------+---------+-------
      Total |    5051 |     292 |   5.5 |     158 |       8 |   4.8
            +---------+---------+-------+---------+---------+-------
        D:1 |      31 |       0 |   0.0 |      19 |       0 |   0.0
        D:2 |     132 |      20 |  13.2 |      21 |       5 |  19.2
        D:3 |     175 |       0 |   0.0 |      20 |       0 |   0.0
        D:4 |     285 |     272 |  48.8 |      24 |       3 |  11.1
        D:5 |     714 |       0 |   0.0 |      15 |       0 |   0.0
        D:6 |    1733 |       0 |   0.0 |      25 |       0 |   0.0
        D:7 |    1327 |       0 |   0.0 |      28 |       0 |   0.0
        D:8 |     654 |       0 |   0.0 |       6 |       0 |   0.0
            +---------+---------+-------+---------+---------+-------
